 Dungeon Crawl Stone Soup version 0.23.2 (webtiles) character file.

Game seed: 497101444367093631

203 Fang the Skirmisher (level 5, 0/51 HPs)
             Began as a Gargoyle Berserker on Apr 1, 2019.
             Was a Believer of Trog.
             Slain by an ogre
             ... wielding a +0 giant club
              (6 damage)
             ... on level 4 of the Dungeon.
             The game lasted 00:02:29 (2754 turns).

Fang the Skirmisher (Gargoyle Berserker)            Turns: 2754, Time: 00:02:29

Health: 0/51       AC: 13    Str: 27    XL:     5   Next: 81%
Magic:  5/5        EV:  9    Int:  7    God:    Trog [**....]
Gold:   93         SH:  0    Dex:  9    Spells: 4/4 levels left

rFire    . . .     SeeInvis .   a - +0 hand axe
rCold    . . .     Gourm    .   (no shield)
rNeg     + . .     Faith    .   l - +0 chain mail
rPois    ∞         Spirit   .   (no helmet)
rElec    +         Reflect  .   (no cloak)
rCorr    +         Harm     .   (no gloves)
MR       .....                  (no boots)
Stlth    ..........             (no amulet)
HPRegen  0.17/turn              k - ring of resist corrosion
MPRegen  0.09/turn              (no ring)

@: berserking, very quick
A: negative energy resistance 1, electricity resistance, unbreathing,
petrification resistance, rot immunity, AC +4
a: Berserk, Trog's Hand, Renounce Religion


You were on level 4 of the Dungeon.
You worshipped Trog.
Trog was pleased with you.
You were very hungry.

You visited 1 branch of the dungeon, and saw 4 of its levels.

You collected 93 gold pieces.

Inventory:

Hand Weapons
 a - a +0 hand axe (weapon)
Armour
 l - a +0 chain mail (worn)
Jewellery
 k - a ring of resist corrosion (left hand)
Wands
 s - a wand of polymorph (4)
 t - a wand of iceblast (6)
Scrolls
 b - a scroll of blinking {unknown}
 d - 4 scrolls of remove curse {unknown}
 e - a scroll of identify {unknown}
 h - a scroll of magic mapping {unknown}
 j - a scroll of fear {unknown}
 m - 2 scrolls of enchant armour {unknown}
 r - a scroll of enchant weapon {unknown}
Potions
 f - a potion of invisibility {unknown}
 g - a potion of curing {unknown}
 i - a potion of lignification {unknown}
 n - a potion of heal wounds {unknown}
 p - a potion of degeneration {unknown}
 q - 2 potions of might {unknown}
Comestibles
 c - 7 rations
 o - 4 chunks of flesh


   Skills:
 + Level 4.4 Fighting
 + Level 3.6 Axes
 + Level 3.7 Armour
 + Level 2.6 Dodging


You had 4 spell levels left.
You didn't know any spells.
Your spell library was empty.

Dungeon Overview and Level Annotations

Branches:
Dungeon (4/15)
 Temple: D:4-7

Altars:
Cheibriados
Elyvilon
Kikubaaqudgha
Xom


Innate Abilities, Weirdness & Mutations

You are resistant to torment.
Your stone body is resilient. (AC +4)
You are immune to poison.
You resist negative energy. (rN+)
You are resistant to electric shocks. (rElec)
You can survive without breathing.
You are immune to petrification.
You are immune to rotting.


Message History

The ogre is heavily wounded.
Your chain mail prevents you from hitting the ogre.
You barely miss the adder. The ogre barely misses you.
The adder bites you but does no damage. The ogre hits you but does no damage.
You barely miss the ogre.
The ogre is heavily wounded.
You hit the ogre. You closely miss the adder. You hit the worker ant.
The adder bites you but does no damage.
The worker ant bites you but does no damage.
The ogre hits you with a +0 giant club!!
Ouch! That really hurt!
* * * LOW HITPOINT WARNING * * *
The adder bites you but does no damage.
You are too injured to fight recklessly!
A red film seems to cover your vision as you go berserk!
You feel yourself moving faster!
You feel mighty!
You are feeling very hungry.
The worker ant bites you but does no damage.
The ogre barely misses you. The ogre hits you with a +0 giant club.
You die...

.........
.#..#..... #
.........# .#
#......... ..#
.........##..###
................
.......sOO....##
....#..S@##.....
.........a......
.........##..###
....#...........
.........##.)###
..#....#.# ##
.........####.##
..#.....<.......
................


You could see 2 ogres, a worker ant, an adder and a giant cockroach.

Vanquished Creatures
  7 gnolls (D:3)
  5 adders (D:3)
  A worm (D:3)
  2 dart slugs
  2 leopard geckos
  8 orcs
  A bat zombie (D:3)
  2 giant cockroaches
  5 goblins
  13 hobgoblins
  5 jackals (D:1)
  6 kobolds
  2 quokkas
  A ball python (D:1)
  A bat (D:1)
  4 frilled lizards
  7 rats
  3 rat zombies (D:3)
75 creatures vanquished.

Notes
Turn   | Place    | Note
-------+----------+-------------------------------------------
     0 | D:1      | Fang the Gargoyle Berserker began the quest for the Orb.
     0 | D:1      | Reached XP level 1. HP: 14/14 MP: 1/1
   355 | D:1      | Reached XP level 2. HP: 19/19 MP: 2/2
   908 | D:1      | Reached XP level 3. HP: 23/23 MP: 3/3
  1459 | D:2      | Found a white marble altar of Elyvilon.
  1483 | D:2      | Reached ** piety under Trog
  1861 | D:3      | Reached XP level 4. HP: 29/29 MP: 4/4
  1935 | D:3      | Found an ancient bone altar of Kikubaaqudgha.
  2016 | D:3      | Reached skill level 4 in Fighting
  2172 | D:3      | Reached XP level 5. HP: 30/33 MP: 5/5
  2445 | D:3      | Found a snail-covered altar of Cheibriados.
  2446 | D:3      | Found a shimmering altar of Xom.
  2644 | D:3      | Found a faded altar of an unknown god.
  2744 | D:4      | Noticed an ogre
  2745 | D:4      | Noticed an ogre
  2754 | D:4      | Slain by an ogre

Skill      XL: |  1  2  3  4 |
---------------+-------------+-----
Axes           | 3 |  3.6
Dodging        | 2 |  2.6
Armour         | 3 |  3.7
Fighting       | 4 |  4.4

Action                   |  1- 3 |  4- 6 || total
-------------------------+-------+-------++-------
Melee: Hand axe          |   139 |   153 ||   292
       Unarmed           |       |     3 ||     3
Invok: Berserk           |       |     2 ||     2
  Eat: Chunk             |     3 |     4 ||     7
Armor: Animal skin       |    32 |       ||    32
       Chain mail        |    40 |   104 ||   144
Dodge: Dodged            |    97 |    90 ||   187
